 Dungeon Crawl Stone Soup version 0.21-a0-243-g597973d (webtiles) character file.

5 tidbits the Ruffian (level 1, 17/17 HPs)
             Began as a Demigod Wanderer on Sept 4, 2017.
             Quit the game on level 1 of the Dungeon.
             The game lasted 00:01:21 (237 turns).

tidbits the Ruffian (Demigod Wanderer)               Turns: 237, Time: 00:01:22

Health: 17/17      AC:  3    Str: 15    XL:     1   Next: 53%
Magic:  3/3        EV: 13    Int: 17    God:
Gold:   46         SH:  0    Dex: 14    Spells: 0/0 levels left

rFire    . . .     SeeInvis .   d - -1 spear (curse)
rCold    . . .     Gourm    .   (no shield)
rNeg     . . .     Faith    .   B - +0 robe
rPois    .         Spirit   .   (no helmet)
rElec    .         Reflect  .   (no cloak)
rCorr    .         Harm     .   G - +0 pair of gloves
MR       .....                  (no boots)
Stlth    ++........             (no amulet)
HPRegen  0.05/turn              (no ring)
MPRegen  0.08/turn              (no ring)

@: no status effects
A: high mp 1
a: no special abilities


You were on level 1 of the Dungeon.
You were not hungry.

You visited 1 branch of the dungeon, and saw 1 of its levels.

You collected 46 gold pieces.

Inventory:

Hand Weapons
 a - a +2 dagger
 d - a cursed -1 spear (weapon)
Armour
 B - a +0 robe (worn)
 G - a +0 pair of gloves (worn)
Scrolls
 e - a scroll of magic mapping
 g - a scroll of identify
Potions
 b - a potion of heal wounds
 c - 3 potions of curing
Comestibles
 f - a bread ration


   Skills:
 + Level 1.6 Fighting
 - Level 1.0 Throwing
 - Level 2.6 Dodging
 - Level 1.7 Stealth
 - Level 2.6 Unarmed Combat


You couldn't memorise any spells.
You didn't know any spells.

Dungeon Overview and Level Annotations

Branches:
Dungeon (1/15)


Innate Abilities, Weirdness & Mutations

You have an increased reservoir of magic. (+10% MP)


Message History

A frilled lizard comes into view.
Found a potion of curing and a scroll labeled GAOCHE NAUTWYALE.
Found a hunting sling.
The frilled lizard hisses angrily.
Found a scroll labeled JUEM EMASSO.
You closely miss the frilled lizard. The frilled lizard misses you.
You miss the frilled lizard. The frilled lizard bites you.
You hit the frilled lizard.
You kill the frilled lizard!
g - a scroll labeled GAOCHE NAUTWYALE
c - 3 potions of curing (gained 1)
h - a scroll labeled JUEM EMASSO You open the door.
There is an open door here.
Found a pair of gloves.
You see here a pair of gloves.
i - a pair of gloves Wear which item? (? for menu, Esc to quit)
You start putting on your armour.
You continue putting on your pair of gloves. x4
You finish putting on your +0 pair of gloves.
Adjust (i)tems, (s)pells, or (a)bilities?
Adjust which item? (? for menu, Esc to quit)
i - a +0 pair of gloves (worn)
Adjust to which letter? (? for menu, Esc to quit)
G - a +0 pair of gloves (worn)
Adjust (i)tems, (s)pells, or (a)bilities?
Adjust which item? (? for menu, Esc to quit)
d - a +0 robe (worn)
Adjust to which letter? (? for menu, Esc to quit)
B - a +0 robe (worn)
Found a scroll labeled GAOCHE NAUTWYALE.
g - 2 scrolls labeled GAOCHE NAUTWYALE (gained 1)
A rat comes into view.
The rat bites you.
You hit the rat.
You kill the rat!
You open the door.
There is an open door here.
There is an open door here.
A goblin comes into view. It is wielding a dagger.
The helpless goblin fails to defend itself.
You puncture the goblin!
You kill the goblin!
You see here a dagger.
You open the door.
A frilled lizard comes into view.
The frilled lizard hisses angrily.
There is an open door here.
You miss the frilled lizard. You hit the frilled lizard.
You kill the frilled lizard!
There is an open door here.
You open the door.
There is an open door here.
Found 16 gold pieces.
You now have 27 gold pieces (gained 16).
Found a glowing spear.
You see here a glowing spear.
d - a glowing spear Wield which item (- for none, * to show all)? (? for menu, Esc to quit)
It sticks to your hand!
d - a cursed -1 spear (weapon)
As you read the scroll labeled GAOCHE NAUTWYALE, it crumbles to dust.
It is a scroll of identify.
e - a scroll of magic mapping
As you read the scroll labeled JUEM EMASSO, it crumbles to dust.
You feel strangely unstable.
It was a scroll of teleportation.
You found a teleport trap!
Your surroundings suddenly seem different.
A giant cockroach comes into view.
Found a scroll labeled XUIBE PUIV.
Found 19 gold pieces.
Attack whom?
Press: ? - help, Dir - move target cursor, f - giant cockroach
Aim: a giant cockroach (resting)
You reach to attack!
The helpless giant cockroach fails to defend itself.
You hit the giant cockroach but do no damage.
Attack whom?
Press: ? - help, Dir - move target cursor, f/p - giant cockroach
Aim: a giant cockroach You hit the giant cockroach.
You kill the giant cockroach!
h - a scroll labeled XUIBE PUIV
As you read the scroll labeled XUIBE PUIV, it crumbles to dust.
You assume a fearsome visage.
Nothing appears to happen.
It was a scroll of fear.
A goblin comes into view. It is wielding a club.
The goblin moves out of view.
You now have 46 gold pieces (gained 19).
A rat comes into view.
The rat barely misses you.
Attack whom?
Press: ? - help, Dir - move target cursor, f - rat
Aim: a rat You hit the rat.
You kill the rat!
A dart slug comes into view.
Are you sure you want to abandon this character and quit the game? (Confirm with "yes".)

...... #..... ######
#.#..... #...w# #
#.#..... #....# #
#.#.#.....
#....####.#.#.#.....
+...... ............
#....# #.#.........
#..@.# #.#.........
#....# #.#.........
#....# #.#.........
#....# #.#.........
####....####.#.........
........................
.###....................
#...######.##........
#...# #.#...#+#...


You could see a dart slug (sleeping).

Vanquished Creatures
  A giant cockroach (D:1)
  A goblin (D:1)
  2 frilled lizards (D:1)
  2 rats (D:1)
6 creatures vanquished.

Notes
Turn   | Place    | Note
-------+----------+-------------------------------------------
     0 | D:1      | tidbits the Demigod Wanderer began the quest for the Orb.
     0 | D:1      | tidbits set off with: a +2 dagger, a potion of heal wounds, 2 potions of curing, a +0 robe, a bread ration
     0 | D:1      | Reached XP level 1. HP: 16/16 MP: 3/3
     7 | D:1      | Noticed a formicid
     9 | D:1      | Noticed a minotaur
    16 | D:1      | Noticed a merfolk zombie
    18 | D:1      | Noticed a vampire
    18 | D:1      | Noticed a spriggan
    20 | D:1      | Noticed a centaur
    20 | D:1      | Noticed a troll
   237 | D:1      | Quit the game

Vault maps used:
D:1:      shiori_arrival_whats_in_store_for_you

Action                   || total
-------------------------++-------
Melee: Dagger            ||     7
       Spear             ||     3
  Use: Scroll            ||     3
 Stab: Sleeping          ||     2
Dodge: Dodged            ||     2

Table legend:
 A = Spawn XP
 B = Non-spawn XP
 C = Spawn XP percentage of total XP
 D = Spawn monster count
 E = Non-spawn monster count
 F = Spawn count percentage of total count
 G = Total turns spent on level
                    A         B        C        D         E        F      G
               +---------+---------+-------+---------+---------+-------+---------
         Total |       0 |       8 |   0.0 |       0 |       6 |   0.0 |   237
               +---------+---------+-------+---------+---------+-------+---------
           D:1 |       0 |       8 |   0.0 |       0 |       6 |   0.0 |   237
               +---------+---------+-------+---------+---------+-------+---------

Table legend:
 A = Turns spent in this place as a percentage of turns spent in the entire game.
 B = Non-inter-level travel turns spent in this place as a percentage of non-inter-level travel turns spent in the entire game.
 C = Inter-level travel turns spent in this place as a percentage of turns spent in this place.
 D = Turns resting spent in this place as a percentage of non-inter-level travel turns spent in this place.
 E = Turns spent auto-exploring this place as a percentage of non-inter-level travel turns spent in this place.
 F = Non-inter-level travel turns spent in this place divided by the number of levels of this place that you've seen.
                   A       B       C       D       E      F
               +-------+-------+-------+-------+-------+----------------------
         Total | 100.0 | 100.0 |  13.5 |   0.0 |   0.0 | 205.0
       Dungeon | 100.0 | 100.0 |  13.5 |   0.0 |   0.0 | 205.0
               +-------+-------+-------+-------+-------+----------------------

Table legend:
 A = Kills in this place as a percentage of kills in entire the game.
 B = Kills by you in this place as a percentage of kills by you in the entire game.
 C = Kills by friends in this place as a percentage of kills by friends in the entire game.
 D = Other kills in this place as a percentage of other kills in the entire game.
 E = Experience gained in this place as a percentage of experience gained in the entire game.
 F = Experience gained in this place divided by the number of levels of this place that you have seen.
                   A       B       C       D       E      F
               +-------+-------+-------+-------+-------+----------------------
         Total | 100.0 | 100.0 |   N/A |   N/A | 100.0 |   8.0
       Dungeon | 100.0 | 100.0 |   N/A |   N/A | 100.0 |   8.0
               +-------+-------+-------+-------+-------+----------------------

Vault maps used:
D:1:      shiori_arrival_whats_in_store_for_you
